 Dungeon Crawl Stone Soup version 0.24-a0-251-g44e327e (webtiles) character file.

Game seed: 16622413982455126062

6804 Inarius the Cleaver (level 10, 0/81 HPs)
             Began as a Demigod Fighter on Apr 15, 2019.
             Killed by vampiric draining
             ... invoked by a vampire
              (2 damage)
             ... on level 10 of the Dungeon on Apr 16, 2019.
             The game lasted 00:22:05 (10661 turns).

Inarius the Cleaver (Demigod Fighter)              Turns: 10661, Time: 00:22:06

Health: 0/81       AC: 18    Str: 25    XL:     10   Next: 48%
Magic:  16/16      EV:  5    Int: 12    God:
Gold:   244        SH: 13    Dex: 19    Spells: 9/9 levels left

rFire    . . .     SeeInvis +   B - +0 broad axe
rCold    . . .     Gourm    .   c - +1 shield
rNeg     . . .     Faith    .   a - +0 plate armour
rPois    .         Spirit   .   (no helmet)
rElec    .         Reflect  .   b - +1 cloak of the Land of Plenty {Dex+4}
rCorr    .         Harm     .   k - +2 pair of gloves
MR       +....                  (no boots)
Stlth    ..........             g - amulet of rage
HPRegen  0.23/turn              q - ring of see invisible
MPRegen  0.15/turn              x - +5 ring of slaying

@: hasted, very quick
A: high mp 1
a: Evoke Berserk Rage


You were on level 10 of the Dungeon.
You were not hungry.

You visited 1 branch of the dungeon, and saw 10 of its levels.

You collected 649 gold pieces.
You spent 405 gold pieces at shops.

Inventory:

Hand Weapons
 i - a +1 antimagic whip
 v - a +3 flail of venom
 B - a +0 broad axe (weapon)
Armour
 a - a +0 plate armour (worn)
 b - the +1 cloak of the Land of Plenty (worn) {Dex+4}
   (You found it on level 5 of the Dungeon)

   It affects your dexterity (+4).
 c - a +1 shield (worn)
 k - a +2 pair of gloves (worn)
Jewellery
 g - an amulet of rage (around neck)
 q - a ring of see invisible (left hand)
 t - a +4 ring of strength
 x - a +5 ring of slaying (right hand)
Wands
 r - a wand of random effects (6)
Scrolls
 e - a scroll of enchant armour
 n - a scroll of remove curse
 p - 2 scrolls of magic mapping
 u - 2 scrolls of enchant weapon {unknown}
 w - 3 scrolls of immolation
 y - a scroll of amnesia {unknown}
 A - a scroll of noise
Potions
 h - a potion of curing
 j - 2 potions of mutation
 l - 2 potions of berserk rage
 m - 2 potions of might
 s - a potion of agility
Comestibles
 f - 20 rations
 z - 18 chunks of flesh


   Skills:
 + Level 5.1 Fighting
 * Level 11.2 Axes
 + Level 5.8 Armour
 + Level 6.5 Shields
 * Level 4.6 Evocations


You had 9 spell levels left.
You didn't know any spells.
Your spell library contained the following spells:

 Spells                   Type           Power        Failure   Level  Hunger
 Infusion                 Chrm           #...         100%        1    ##.....
 Sting                    Conj/Pois      #...         100%        1    ##.....
 Summon Small Mammal      Summ           #...         100%        1    ##.....
 Call Imp                 Summ           #.......     100%        2    ###....
 Poisonous Vapours        Pois/Air       #.....       100%        2    ###....
 Shroud of Golubria       Chrm/Tloc      #.........   100%        2    ###....
 Song of Slaying          Chrm           #.......     100%        2    ###....
 Call Canine Familiar     Summ           #.......     100%        3    ####...
 Mephitic Cloud           Conj/Pois/Air  #.......     100%        3    ####...
 Regeneration             Chrm/Necr      #.........   100%        3    ####...
 Spectral Weapon          Hex/Chrm       #.......     100%        3    ####...
 Summon Guardian Golem    Hex/Summ       #.......     100%        3    ####...
 Olgreb's Toxic Radiance  Pois           #.......     100%        4    #####..
 Summon Ice Beast         Ice/Summ       #.......     100%        4    #####..
 Summon Lightning Spire   Summ/Air       #.......     100%        4    #####..
 Venom Bolt               Conj/Pois      #.........   100%        5    ######.


Dungeon Overview and Level Annotations

Branches:
Dungeon (10/15)            Temple (0/1) D:7            Lair (0/6) D:9
    Orc (0/2) D:10

Shops:
D:9 !   D:10 (


Innate Abilities, Weirdness & Mutations

You have an increased reservoir of magic. (+10% MP)


Message History

You slash the vampire!
The vampire is severely damaged.
The vampire casts a spell at you.
You easily resist.
The vampire points at you and mumbles some strange words.
You easily resist.
You hit the vampire.
The vampire is almost destroyed.
The vampire points at you and mumbles some strange words.
You easily resist.
You barely miss the vampire.
The vampire is almost destroyed.
The vampire barely misses you. You block the vampire's attack.
You closely miss the vampire.
The vampire is almost destroyed.
You block the vampire's attack. The vampire barely misses you.
You hit the vampire but do no damage.
The vampire is almost destroyed.
The vampire is infused with unholy energy.
You die...

#.#.(.........###
####..#######.### #.#..## .#
##...# .# ########....# ..
#...#8#.....## ######+##
#.>.'........# #.......########
#...#8#......#####.).....'...##..
########........@V.รท.....###..'..
#.#...##.###)).....# ####..
###...#..# #.......# #.. ###...##
#.......# #.. #...# ####'#### #..
#.### #..# ### ### ##.# #.#
#######.## #


You could see a vampire (invisible).

Vanquished Creatures
  Harold (D:7)
  Pikel (D:5)
  A hornet (D:8)
  5 yaks (D:9)
  A vampire (D:9)
  Menkaure (D:7)
  Edmund (D:5)
  A water moccasin (D:8)
  4 orc warriors
  An ice beast (D:7)
  A sky beast (D:8)
  2 phantoms
  2 slaves (D:5)
  A black bear (D:7)
  A necrophage (D:9)
  5 ogres
  2 centaurs
  6 bullfrogs
  A water moccasin zombie (D:8)
  3 scorpions
  4 wights (D:9)
  6 killer bees
  5 howler monkeys
  3 crimson imps
  3 quasits
  5 hounds
  9 orc priests
  A gnoll shaman (D:5)
  A centaur skeleton (D:9)
  A jelly (D:7)
  An iguana (D:5)
  13 orc wizards
  7 worker ants
  A hound zombie (D:9)
  A hound skeleton (D:5)
  A worker ant zombie (D:7)
  6 adders
  14 gnolls
  2 worms (D:2)
  3 dart slugs
  6 leopard geckos
  43 orcs
  A bat (D:3)
  3 giant cockroaches
  7 goblins
  5 hobgoblins
  14 jackals
  2 quokkas
  A ball python (D:1)
  5 frilled lizards
  9 kobolds
  2 leopard gecko skeletons
  10 rats
236 creatures vanquished.

Vanquished Creatures (others)
  A slave (D:5)
  A worm (D:5)
2 creatures vanquished.

Grand Total: 238 creatures vanquished

Notes
Turn   | Place    | Note
-------+----------+-------------------------------------------
     0 | D:1      | Inarius the Demigod Fighter began the quest for the Orb.
     0 | D:1      | Reached XP level 1. HP: 18/18 MP: 3/3
   326 | D:1      | Reached XP level 2. HP: 25/25 MP: 4/4
   391 | D:1      | Reached skill level 2 in Axes
   853 | D:2      | Reached XP level 3. HP: 30/30 MP: 5/5
  1251 | D:2      | Found an opulent altar of Gozag.
  1902 | D:2      | Reached skill level 3 in Axes
  1904 | D:2      | Reached XP level 4. HP: 32/38 MP: 6/6
  1980 | D:3      | Found a shattered altar of Ashenzari.
  2245 | D:3      | Found an ornate altar of the Wu Jian Council.
  2726 | D:4      | Reached XP level 5. HP: 45/45 MP: 2/7
  2954 | D:4      | Reached skill level 4 in Axes
  2991 | D:5      | Entered Level 5 of the Dungeon
  3341 | D:5      | Found a radiant altar of Vehumet.
  3469 | D:5      | Reached XP level 6. HP: 50/51 MP: 8/8
  3757 | D:5      | Reached skill level 5 in Axes
  3787 | D:5      | Got a scorched cloak
  3797 | D:5      | Identified the +1 cloak of the Land of Plenty {Dex+4} (You
                  | found it on level 5 of the Dungeon)
  4199 | D:4      | Reached XP level 7. HP: 57/57 MP: 10/10
  4373 | D:4      | Found a shadowy altar of Dithmenos.
  4373 | D:4      | Found a glowing golden altar of the Shining One.
  4481 | D:4      | Upgraded the game from 0.24-a0-250-g6074511 to
                  | 0.24-a0-251-g44e327e
  4632 | D:5      | Noticed Pikel
  4725 | D:5      | Killed Pikel
  4725 | D:5      | Reached skill level 7 in Axes
  4931 | D:5      | Noticed Edmund
  4940 | D:5      | Killed Edmund
  4940 | D:5      | Reached XP level 8. HP: 66/66 MP: 11/11
  5554 | D:6      | Reached skill level 1 in Evocations
  6075 | D:7      | Reached skill level 8 in Axes
  6101 | D:7      | Noticed Menkaure
  6110 | D:7      | Killed Menkaure
  6171 | D:7      | Reached skill level 5 in Shields
  6314 | D:7      | Identified the +0 leather armour of Ihowuj {-Tele rN+
                  | Int+3}
  6703 | D:7      | Noticed Harold
  6721 | D:7      | Reached XP level 9. HP: 50/71 MP: 13/13
  6742 | D:7      | Reached skill level 5 in Armour
  6746 | D:7      | Killed Harold
  6746 | D:7      | Reached skill level 9 in Axes
  7019 | D:7      | Found a staircase to the Ecumenical Temple.
  7866 | D:8      | Paralysed by a hornet for 3 turns
  8455 | D:8      | Reached skill level 10 in Axes
  8899 | D:9      | Reached XP level 10. HP: 80/80 MP: 14/16
  9039 | D:9      | Found a staircase to the Lair.
  9077 | D:9      | Reached skill level 5 in Fighting
  9200 | D:9      | Identified the +1 robe of the Tick {Str+4}
  9625 | D:9      | Found Ugalat's Distillery.
  9628 | D:9      | Bought a potion of haste for 150 gold pieces
  9628 | D:9      | Bought a potion of heal wounds for 75 gold pieces
  9628 | D:9      | Bought a potion of agility for 60 gold pieces
  9628 | D:9      | Bought a potion of berserk rage for 75 gold pieces
  9630 | D:9      | Bought a potion of curing for 45 gold pieces
  9676 | D:9      | Reached skill level 11 in Axes
  9989 | D:9      | Found a shimmering altar of Xom.
 10100 | D:10     | Entered Level 10 of the Dungeon
 10119 | D:10     | Found Cudin's Antique Weapon Emporium.
 10532 | D:10     | Found a staircase to the Orcish Mines.
 10656 | D:10     | HP: 1/81 [vampire/vampiric draining (15)]
 10661 | D:10     | Killed from afar by a vampire

Levels and vault maps discovered:
D:1:      sevenhm_arrival_forest_fort_small_4, layout_loops_ring,
          minmay_pentomino_t2
D:2:      layout_loops_ring, lemuel_crystal_altar
D:3:      layout_rooms, nicolae_overflow_hidden_temple, ashenzari_altar_1,
          first_ration
D:4:      layout_cave_pools, gammafunk_temple_overflow_elements,
          hangedman_decor_riveting
D:5:      layout_basic, old_standard_altar, kennysheep_generic_room_10,
          uniq_edmund, uniq_pikel
D:6:      layout_basic
D:7:      layout_rooms, temple_pool_b, minivault_11, uniq_harold, uniq_menkaure
D:8:      layout_basic, lightli_minifort
D:9:      layout_basic, xom_teletrap_fun, lair_entry_dummy, serial_shops,
          nicolae_shop_behind_doors, grunt_ogre_cave, minmay_fractal_squares_5
D:10:     layout_roguey, hiddenorc1_lemuel, serial_shops, kennysheep_little_box,
          uniq_fannar

Skill      XL: |  1  2  3  4  5  6  7  8  9 10 |
---------------+-------------------------------+-----
Axes           | 2 3 4 5 7 8 10 11 | 11.2
Shields        | 3 4 5 6 |  6.5
Armour         | 3 4 5 |  5.8
Fighting       | 3 4 5 |  5.1
Evocations     | 2 3 4 |  4.6

Action                   |  1- 3 |  4- 6 |  7- 9 | 10-12 || total
-------------------------+-------+-------+-------+-------++-------
Melee: War axe           |   118 |   174 |   293 |   108 ||   693
       Whip              |       |    23 |       |       ||    23
       Broad axe         |       |       |       |    82 ||    82
 Abil: Evoke Berserk Rag |       |     2 |     2 |       ||     4
Evoke: Wand              |       |       |    31 |     7 ||    38
  Use: Potion            |       |     3 |     4 |     5 ||    12
       Scroll            |       |     7 |     6 |     2 ||    15
 Stab: Paralysed         |       |       |     3 |       ||     3
  Eat: Chunk             |     3 |    10 |    15 |     4 ||    32
       Ration            |       |       |       |     1 ||     1
Armor: Scale mail        |    38 |    53 |       |       ||    91
       Chain mail        |       |    20 |   154 |    56 ||   230
       Plate armour      |       |       |       |    51 ||    51
Dodge: Dodged            |    36 |    64 |    70 |    37 ||   207
Block: Shield            |    69 |   110 |   200 |   130 ||   509

Table legend:
 A = Non-vault XP
 B = Vault XP
 C = Vault XP percentage of total XP
 D = Non-vault monster count
 E = Vault monster count
 F = Vault count percentage of total count
                 A         B        C        D         E       F
            +---------+---------+-------+---------+---------+-------
      Total |    7133 |    2588 |  26.6 |     207 |      27 |  11.5
            +---------+---------+-------+---------+---------+-------
        D:1 |      26 |       2 |   7.1 |      17 |       1 |   5.6
        D:2 |     111 |       0 |   0.0 |      29 |       0 |   0.0
        D:3 |      93 |       0 |   0.0 |      16 |       0 |   0.0
        D:4 |     420 |       0 |   0.0 |      22 |       0 |   0.0
        D:5 |     359 |     781 |  68.5 |      13 |       3 |  18.8
        D:6 |     353 |       0 |   0.0 |      14 |       0 |   0.0
        D:7 |    1579 |    1174 |  42.6 |      30 |       2 |   6.2
        D:8 |    1093 |     177 |  13.9 |      18 |       3 |  14.3
        D:9 |    2852 |     341 |  10.7 |      42 |       6 |  12.5
       D:10 |     247 |     113 |  31.4 |       6 |      12 |  66.7
            +---------+---------+-------+---------+---------+-------
